Map: World of Sleepers LE

Players

ThumbAround

  • Race: Protoss Protoss
  • League: Master
  • Spawn Location: 1:00

Mez - Winner!

  • Race: Terran Terran
  • League: Master
  • Spawn Location: 7:00

VOD

Have the link to the VOD?

Description

Time

  • Played on: Aug. 22, 2019, 5:30 a.m.
  • Length: 12:36
Show
View Real Time Build Order
Export as new Build Order

ThumbAround Protoss 

Build Orders: Blink Stalkers 

Get SALT Encoding   

  12  0:00  Probe  
  13  0:13  Probe  
  14  0:19  Pylon  
  14  0:25  Probe  
  15  0:37  Probe  
  15  0:40  Gateway  
  16  0:45  Assimilator  
  16  0:49  Probe  
  17  0:55  Assimilator  
  17  1:01  Probe  
  18  1:13  Probe  
  20  1:25  Probe  
  20  1:30  Cybernetics Core  
  20  1:37  Probe  
  20  1:38  Pylon  
  21  1:49  Probe  
  22  1:57  Stalker  
  22  2:02  Probe  
  22  2:07  Warp Gate  
  25  2:10  Twilight Council  
  25  2:16  Blink  
  25  2:20  Gateway  
  25  2:21  Gateway  
  25  2:30  Pylon  
  25  2:49  Gateway  
  25  2:55  Stalker  
  26  3:07  Stalker  
  28  3:18  Stalker  
  30  3:27  Pylon  
  30  3:54  Pylon  
  30  3:55  Sentry  
  30  3:56  Stalker x3  
  38  4:19  Stalker x2  
  38  4:21  Stalker  
  44  4:44  Stalker x2  
  48  4:46  Stalker  
  48  4:48  Phoenix  
  48  5:01  Stalker  
  50  5:08  Stalker  
  52  5:17  Stalker  
  50  5:53  Stalker x2  
  50  5:54  Stalker  
  54  6:20  Pylon  
  54  6:22  Pylon  
  47  6:49  Stalker x3  
  47  6:50  Stalker  
  55  7:04  Phoenix  
  55  7:07  Probe  
  55  7:15  Probe  
  56  7:19  Robotics Facility  
  57  7:25  Probe  
  56  8:06  Robotics Bay  
  56  8:13  Phoenix  
  56  8:36  Pylon  
  56  8:38  Pylon  
  56  8:42  Colossus  
  56  8:46  Extended Thermal Lance  
  62  9:02  Zealot x3  
  66  9:03  Zealot  
  70  9:23  Colossus  
  75  10:08  Colossus  
  81  10:37  Stalker x3  
  85  10:43  Colossus  
  71  11:07  Phoenix, Stalker x2  
Show
View Real Time Build Order
Export as new Build Order

Mez Terran - Winner!

Build Orders: Reaper Expand 

Get SALT Encoding   

  12  0:01  SCV  
  13  0:13  SCV  
  14  0:17  Supply Depot  
  14  0:25  SCV  
  15  0:39  SCV  
  15  0:41  Barracks  
  16  0:45  Refinery  
  16  0:51  SCV  
  17  1:03  SCV  
  18  1:15  SCV  
  19  1:29  Orbital Command, Reaper  
  20  1:40  Command Center  
  20  1:50  Bunker  
  20  1:55  SCV  
  20  1:59  Supply Depot  
  21  2:06  Marine  
  21  2:08  SCV  
  23  2:21  SCV  
  24  2:24  Barracks Reactor  
  24  2:40  SCV  
  24  2:43  Factory  
  25  2:45  Command Center  
  25  3:00  Marine x2  
  25  3:01  SCV  
  25  3:02  Orbital Command  
  28  3:13  SCV  
  28  3:18  Marine x2  
  31  3:25  SCV  
  31  3:26  Bunker  
  32  3:30  Bunker  
  32  3:31  Widow Mine  
  34  3:38  Marine x2, SCV  
  34  3:40  Starport  
  37  3:53  Widow Mine  
  39  3:56  Marine x2  
  39  3:58  Refinery  
  39  3:59  Refinery  
  41  4:08  SCV x2  
  41  4:09  Orbital Command  
  43  4:17  Widow Mine, Marine x2  
  45  4:20  Viking, SCV x2  
  49  4:31  Supply Depot  
  49  4:32  SCV  
  49  4:33  SCV  
  49  4:42  Marine x2  
  49  4:43  Factory Tech Lab  
  50  4:49  SCV  
  50  4:50  Liberator, SCV  
  49  5:04  Siege Tank  
  52  5:09  Marine  
  52  5:10  Marine  
  57  5:16  SCV x3  
  60  5:22  Supply Depot  
  46  5:47  Marine x2  
  46  5:49  SCV  
  43  5:50  SCV x2  
  43  6:02  SCV x2  
  43  6:03  SCV  
  46  6:05  Marine x2  
  46  6:08  Factory Tech Lab  
  48  6:14  SCV  
  49  6:22  Viking  
  49  6:23  Marine  
  46  6:48  Marine x2  
  46  6:51  Siege Tank  
  51  6:58  SCV x2  
  53  7:09  Marine x2  
  53  7:10  SCV x2  
  53  7:12  Medivac  
  59  7:18  Barracks  
  59  7:23  SCV  
  59  7:24  Siege Tank  
  59  7:25  SCV  
  64  7:30  Liberator  
  61  7:37  Marine x2  
  66  7:56  Marine  
  66  7:57  Marine  
  68  8:03  SCV x2  
  70  8:15  Barracks Tech Lab, SCV  
  70  8:18  Marine  
  70  8:19  Marine  
  69  8:21  Siege Tank  
  69  8:22  SCV  
  69  8:24  Barracks  
  69  8:26  Supply Depot  
  73  8:27  SCV  
  73  8:29  Supply Depot  
  74  8:38  SCV  
  74  8:39  SCV  
  76  8:45  Marine  
  76  8:48  Viking  
  79  8:51  Orbital Command, Stimpack  
  79  9:06  SCV  
  79  9:07  SCV  
  81  9:12  Marine x3  
  81  9:13  Barracks Tech Lab  
  81  9:30  Refinery  
  81  9:33  Refinery, SCV x3  
  81  9:35  Starport Reactor  
  84  9:52  Supply Depot  
  84  9:53  SCV  
  84  9:54  Siege Tank, SCV  
  84  9:55  Supply Depot, Marine x2  
  84  9:57  Marauder  
  93  10:09  Barracks  
  93  10:11  Supply Depot, Engineering Bay  
  93  10:12  Barracks, Engineering Bay  
  93  10:13  Supply Depot  
  94  10:14  Marauder  
  94  10:19  SCV x3  
  96  10:36  Marine  
  96  10:37  Marauder x2, Marine  
  96  10:38  Combat Shield, Concussive Shells  
  96  10:39  Medivac  
  96  10:40  Medivac  
  96  10:41  Terran Infantry Weapons Level 1  
  106  10:47  SCV x2  
  106  10:50  SCV  
  106  10:54  Marine  
  108  10:58  Marauder x2  
  108  11:01  Factory Reactor  
  108  11:02  Supply Depot  
  108  11:04  Supply Depot, Starport  
  112  11:05  Supply Depot  
  112  11:08  Barracks Tech Lab, Barracks Reactor  
  110  11:19  Marauder x2  
  110  11:20  Orbital Command  
  110  11:24  Sensor Tower  
  114  11:39  Marauder, Marine x2  
  118  11:41  Marauder x2  
  118  11:43  Viking x2  
  126  11:47  SCV x3  
  126  11:52  Refinery  
  126  11:54  Refinery  
  129  11:57  Marine  
  129  11:59  SCV x2  
  129  12:00  Viking  
  117  12:13  Marine  
  117  12:14  Marauder x2, Marine x2  
Tags
 
Add a new tag
Caveats
  • Supply blocks, unpowered buildings, or Contaminate may cause inaccurate times.
  • Supply counts are checked every 10 seconds.